 Dungeon Crawl Stone Soup version 0.22-a0-799-g88f5e90 (webtiles) character file.

331 KyrpaJooseppi the Grave Robber (level 6, -10/53 HPs)
             Began as a Hill Orc Necromancer on July 21, 2018.
             Mangled by an ogre
             ... wielding a +0 giant spiked club
              (25 damage)
             ... on level 4 of the Dungeon.
             The game lasted 00:15:05 (5063 turns).

KyrpaJooseppi the Grave Robber (HONe)               Turns: 5063, Time: 00:15:06

Health: -10/53     AC:  5    Str: 11    XL:     6   Next: 52%
Magic:  0/8        EV: 10    Int: 17    God:
Gold:   214        SH:  0    Dex: 13    Spells: 4/8 levels left

rFire    . . .     SeeInvis .   i - -1 hand axe (curse)
rCold    . . .     Gourm    .   (no shield)
rNeg     . . .     Faith    .   f - +0 ring mail
rPois    +         Spirit   .   (no helmet)
rElec    .         Reflect  .   (no cloak)
rCorr    .         Harm     .   (no gloves)
MR       .....                  (no boots)
Stlth    +.........             (no amulet)
HPRegen  0.17/turn              P - ring of poison resistance
MPRegen  0.11/turn              (no ring)

@: very slightly contaminated
A: agile 1, blurry vision 1, screaming 1
a: no special abilities


You were on level 4 of the Dungeon.
You were very hungry.

You visited 1 branch of the dungeon, and saw 4 of its levels.

You collected 299 gold pieces.
You spent 85 gold pieces at shops.

Inventory:

Hand Weapons
 a - a +0 mace
 i - a cursed -1 hand axe (weapon)
 l - a cursed -3 mace
Missiles
 b - 195 stones (quivered)
Armour
 f - a +0 ring mail (worn)
 g - a +1 robe
 o - a +0 scale mail
Jewellery
 P - a ring of poison resistance (left hand)
Scrolls
 e - 2 scrolls of enchant armour
 j - 2 scrolls of teleportation
 n - a scroll of remove curse
Potions
 d - a potion of heal wounds
 m - a potion of lignification
Comestibles
 c - 12 rations


   Skills:
 - Level 4.7 Fighting
 + Level 2.7 Armour
 - Level 1.5 Dodging
 - Level 1.5 Stealth
 - Level 1.5 Spellcasting
 + Level 5.6 Necromancy


You had 4 spell levels left.
You knew the following spells:

 Your Spells              Type           Power        Failure   Level  Hunger
a - Apportation           Tloc           #.....       43%         1    ##.....
v - Vampiric Draining     Necr           ###.......   14%         3    ####...

Your spell library contained the following spells:

 Spells                   Type           Power        Failure   Level  Hunger
 Summon Small Mammal      Summ           #...         43%         1    ##.....
 Animate Dead             Necr           N/A          41%         4    #####..
 Pain                     Necr           ###.         4%          1    ##.....
 Animate Skeleton         Necr           N/A          4%          1    ##.....
 Regeneration             Chrm/Necr      ##........   41%         3    ####...
 Confusing Touch          Hex            #.....       43%         1    ##.....


Dungeon Overview and Level Annotations

Branches:
Dungeon (4/15)
 Temple: D:4-7

Altars:
Xom

Shops:
D:4 =


Innate Abilities, Weirdness & Mutations

You are agile. (Dex +2)
Scrolls take you a little longer to read.
You occasionally shout uncontrollably at your foes.


Message History

Aiming: Vampiric Draining (safe; 14% risk of failure)
Press: ? - help, Shift-Dir - straight line, f/p - ogre
Aim: an ogre, wielding a giant spiked club (heavily wounded)
The ogre is severely wounded.
You feel life coursing into your body. The ogre hits you but does no damage.
Casting: Vampiric Draining (safe; 14% risk of failure)
Confirm with . or Enter, or press ? or * to list all spells.
Aiming: Vampiric Draining (safe; 14% risk of failure)
Press: ? - help, Shift-Dir - straight line, f/p - ogre
Aim: an ogre, wielding a giant spiked club (heavily wounded)
The ogre is severely wounded.
You feel life coursing into your body. The ogre closely misses you.
You hit the ogre.
The ogre is almost dead.
The ogre hits you with a giant spiked club!
* * * LOW HITPOINT WARNING * * *
You hit the ogre but do no damage.
The ogre is almost dead.
The ogre hits you with a giant spiked club!!
You die...

###
###########.#########
#...@O..............#
#.#########.#.#####.
#.# #.#.# #.# #.#.#
###### #.# #.#.#
#....# #####.# #.#.#
#.##.# #.....# #.#.#
#.##.###.....# #.#.#
#.##...'.....# ...


You could see an ogre.

Vanquished Creatures
  A howler monkey (D:4)
  4 orc wizards (D:4)
  A worker ant (D:4)
  6 adders
  2 oozes
  4 worms
  3 dart slugs
  5 leopard geckos
  6 orcs
  10 bats
  5 giant cockroaches
  3 goblins
  6 hobgoblins
  4 jackals (D:2)
  A quokka (D:2)
  7 frilled lizards
  13 kobolds
  9 rats
90 creatures vanquished.

Notes
Turn   | Place    | Note
-------+----------+-------------------------------------------
     0 | D:1      | KyrpaJooseppi the Hill Orc Necromancer began the quest for the Orb.
     0 | D:1      | Reached XP level 1. HP: 14/14 MP: 3/3
   131 | D:1      | Reached skill level 1 in Fighting
   243 | D:1      | Reached XP level 2. HP: 24/24 MP: 4/4
  1129 | D:1      | Reached XP level 3. HP: 27/31 MP: 0/5
  1906 | D:2      | Gained mutation: You occasionally shout uncontrollably at your foes. [potion of mutation]
  1906 | D:2      | Gained mutation: Scrolls take you a little longer to read. [potion of mutation]
  1906 | D:2      | Gained mutation: You are agile. (Dex +2) [potion of mutation]
  1913 | D:2      | Reached XP level 4. HP: 24/41 MP: 0/6
  2119 | D:2      | Learned a level 3 spell: Vampiric Draining
  2906 | D:2      | Found a shimmering altar of Xom.
  2914 | D:2      | Learned a level 1 spell: Apportation
  3208 | D:3      | Reached XP level 5. HP: 26/47 MP: 0/7
  4111 | D:4      | Reached skill level 5 in Necromancy
  4185 | D:4      | Reached skill level 1 in Armour
  4276 | D:4      | Found Ripefy's Jewellery Shop.
  4285 | D:4      | Bought a cursed -3 ring of dexterity for 20 gold pieces
  4285 | D:4      | Bought a cursed ring of attention for 45 gold pieces
  4285 | D:4      | Bought a cursed -2 ring of evasion for 20 gold pieces
  4335 | D:4      | Reached XP level 6. HP: 39/53 MP: 1/8
  5063 | D:4      | Mangled by an ogre

Vault maps used:
D:1:      lemuel_arrival_cross
D:2:      minmay_wonky_spiral, tgw_xom, supply_closet_lemuel
D:3:      minmay_vboxes
D:4:      serial_shops, shop_coins, first_ration, dk_noncrumbling_3

Skill      XL: |  1  2  3  4  5  6 |
---------------+-------------------+-----
Fighting       | 1 3 4 |  4.7
Necromancy     | 5 |  5.6
Armour         | 1 2 |  2.7
Dodging        | |  1.5
Stealth        | |  1.5
Spellcasting   | |  1.5

Action                   |  1- 3 |  4- 6 || total
-------------------------+-------+-------++-------
Melee: Dagger            |     1 |       ||     1
       Mace              |    11 |       ||    11
       Hand axe          |    14 |   179 ||   193
Throw: Stone             |     2 |     6 ||     8
 Cast: Pain              |    69 |    24 ||    93
       Vampiric Draining |       |    25 ||    25
  Use: Scroll            |     6 |    10 ||    16
       Potion            |     3 |     6 ||     9
 Stab: Sleeping          |     1 |     6 ||     7
       Invisible         |       |     1 ||     1
  Eat: Chunk             |     5 |    13 ||    18
Armor: Robe              |    10 |    28 ||    38
       Ring mail         |       |    33 ||    33
       Skin              |       |    12 ||    12
Dodge: Dodged            |    31 |   135 ||   166

Table legend:
 A = Spawn XP
 B = Non-spawn XP
 C = Spawn XP percentage of total XP
 D = Spawn monster count
 E = Non-spawn monster count
 F = Spawn count percentage of total count
 G = Total turns spent on level
                    A         B        C        D         E        F      G
               +---------+---------+-------+---------+---------+-------+---------
         Total |       0 |     474 |   0.0 |       0 |      90 |   0.0 |  5063
               +---------+---------+-------+---------+---------+-------+---------
           D:1 |       0 |      34 |   0.0 |       0 |      21 |   0.0 |  1334
           D:2 |       0 |      96 |   0.0 |       0 |      34 |   0.0 |  1743
           D:3 |       0 |      96 |   0.0 |       0 |      23 |   0.0 |   946
           D:4 |       0 |     248 |   0.0 |       0 |      12 |   0.0 |  1040
               +---------+---------+-------+---------+---------+-------+---------
